[Event "*** Titled Tuesday 3|2 Blitz"]
[Site "Chess.com"]
[Date "2017.03.07"]
[Round "7"]
[White "IMcoach"]
[Black "mwpchess"]
[Result "1-0"]
[WhiteElo "2321"]
[BlackElo "2378"]
[TimeControl "180+2"]
[EndTime "14:38:06 PST"]
[Termination "IMcoach won on time"]

1. e4 c6 2. d3 d5 3. Qe2 dxe4 4.
dxe4 e5 5. c3 Nf6 6. Nf3 Qc7 7.
Bg5 Be7 8. Qc2 Bg4 9. Nbd2 Nbd7 10. Be2 h6 11. Bh4 Bh5 12. O-O a5 13. Rfe1 O-O 14.
Nf1 Bg6 15. Bxf6 Nxf6 16. Ng3 Bc5 17. Nh4 Bh7 18. Nhf5 Rfd8 19. a4 Bf8 20. Bc4 Bxf5 21. Nxf5 g6 22. Nh4 Kg7 23. Qe2 Bc5 24. Rad1 Rxd1 25.
Rxd1 Rd8 26. Rxd8 Qxd8 27. g3 Qd7 28. Kg2 Ne8 29. Nf3 Qd6 30. Bb3 Ba7 31. Qc4 Qf6 32.
h4 Nd6 33. Qe2 Bc5 34. h5 b5 35. hxg6 fxg6 36. axb5 cxb5 37. Qd3 a4 38. Ba2 Nf7 39. Qd5 Bb6 40. Qb7 1-0

[Event "*** Titled Tuesday 3|2 Blitz"]
[Site "Chess.com"]
[Date "2017.03.07"]
[Round "7"]
[White "WanderingPuppet"]
[Black "SabinaFoisor"]
[Result "1/2-1/2"]
[WhiteElo "2336"]
[BlackElo "2168"]
[TimeControl "180+2"]
[EndTime "14:38:10 PST"]
[Termination "Game drawn - insufficient material"]

1. Nc3 d5 2. d4 Nf6 3. Bg5 h6 4.
Bxf6 exf6 5. Qd2 Bb4 6. a3 Bxc3 7. Qxc3 O-O 8. O-O-O Bf5 9. f3 Qe7 10. g4 Bg6 11. Nh3 Re8 12. Nf4 c6 13. h4 Qe3+ 14. Qxe3 Rxe3 15. Kd2 Re7 16. e3 Nd7 17. Bd3 Bxd3 18.
Kxd3 Rae8 19. Rde1 g6 20. Rhg1 Kg7 21. e4 dxe4+ 22.
fxe4 Nf8 23. d5 cxd5 24. Nxd5 Re5 25. c4 Nd7 26. Kd4 Nb8 27. b4 Nc6+ 28. Kd3 a6 29. a4 b5 30. axb5 axb5 31. cxb5 Ne7 32. Nxe7 R8xe7 33. b6 Rb7 34. Rc1 Rxb6 35. Rc4 Rd6+ 36.
Rd4 Rc6 37. Rb1 Rb5 38. Rd5 Rb8 39. b5 Rcb6 40. Kc4 Kf8 41. Kc5 Ke7 42. e5 fxe5 43.
Rxe5+ Re6 44. Rxe6+ Kxe6 45. Kc6 f5 46. gxf5+ Kxf5 47. b6 g5 48. hxg5 hxg5 49. Kc7 Rg8 50.
b7 g4 51. Rd1 g3 52. Rd8 Rg7+ 53. Rd7 Rg8 54. Rd8 Rxd8 55. Kxd8 g2 56. b8=Q g1=Q 57.
Qc8+ Kf4 58. Qc7+ Kf3 59. Qf7+ Ke2 60. Qe6+ Qe3 61. Qxe3+ Kxe3 1/2-1/2

[Event "*** Titled Tuesday 3|2 Blitz"]
[Site "Chess.com"]
[Date "2017.03.07"]
[Round "7"]
[White "Matibar"]
[Black "jcibarra"]
[Result "1-0"]
[WhiteElo "2592"]
[BlackElo "2668"]
[TimeControl "180+2"]
[EndTime "14:38:12 PST"]
[Termination "Matibar won by resignation"]

1. e4 e5 2. Nf3 d6 3. d4 exd4 4.
Nxd4 Nf6 5. Nc3 Be7 6. g3 O-O 7.
Bg2 Nc6 8. Nde2 Rb8 9. a4 a6 10.
a5 Re8 11. O-O Bf8 12. h3 g6 13. Bg5 h6 14. Be3 Bg7 15. b3 Kh7 16. Qd2 Be6 17. Nf4 Nd7 18. Nxe6 Rxe6 19. h4 Nf6 20.
Nd5 Nxe4 21. Bxe4 Rxe4 22. Rad1 Ne7 23. Nc3 Re5 24. Bd4 Re6 25. h5 Bxd4 26. Qxd4 Nc6 27. Qf4 Rf6 28. Qe4 Kg7 29. Nd5 Re6 30. Qf3 Ne5 31.
Qc3 Kh7 32. f4 Ng4 33. f5 gxf5 34. Rxf5 Qg8 35. Qxc7 Ne3 36. Rxf7+ Kh8 37. Rh7+ Qxh7 38. Qxb8+ Qg8 39. Qxg8+ Kxg8 40. Re1 Re5 41. Nxe3 Rxh5 42. b4 Re5 43. c3 Re4 44. Kf2 Kg7 1-0

[Event "*** Titled Tuesday 3|2 Blitz"]
[Site "Chess.com"]
[Date "2017.03.07"]
[Round "7"]
[White "peteseeger"]
[Black "Jahonas"]
[Result "1-0"]
[WhiteElo "2105"]
[BlackElo "2157"]
[TimeControl "180+2"]
[EndTime "14:38:12 PST"]
[Termination "peteseeger won by resignation"]

1. e4 c5 2. Nf3 d6 3. Bb5+ Bd7 4.
Bxd7+ Qxd7 5. O-O Nc6 6. c3 Nf6 7. Re1 e6 8. d4 cxd4 9. cxd4 Be7 10. Nc3 O-O 11. d5 exd5 12. exd5 Nb4 13. a3 Na6 14. Nd4 Rfe8 15. Bg5 h6 16. Bf4 Nc5 17. Qf3 a5 18. Re3 Ng4 19. Re2 Bf6 20. Ndb5 Ne5 21. Qg3 Kh8 22.
Rae1 Ncd3 23. Bxe5 Nxe5 24. f4 Nc4 25. Rxe8+ Rxe8 26.
Rxe8+ Qxe8 27. h3 Bxc3 28. Nxc3 b5 29. f5 b4 30. axb4 axb4 31. Na2 Qa4 32. b3 Qxa2 33.
bxc4 Qxc4 34. Qxd6 Qd4+ 35. Kh2 Kh7 36. f6 gxf6 37.
Qd7 Kg7 38. d6 Qe5+ 39. Kh1 h5 40. Qe7 Qa1+ 41. Kh2 b3 42. d7 b2 43. d8=Q b1=Q 44.
Qdf8+ Kg6 45. Qfxf7+ Kf5 46. Qd5+ Qe5+ 47. Qdxe5+ fxe5 48. Qh7+ 1-0

[Event "*** Titled Tuesday 3|2 Blitz"]
[Site "Chess.com"]
[Date "2017.03.07"]
[Round "7"]
[White "chessking2151"]
[Black "Saitama_Hero"]
[Result "1-0"]
[WhiteElo "2378"]
[BlackElo "2221"]
[TimeControl "180+2"]
[EndTime "14:38:15 PST"]
[Termination "chessking2151 won by resignation"]

1. e4 c5 2. Nf3 e6 3. c3 d5 4. exd5 Qxd5 5. d4 Nf6 6. Be2 cxd4 7.
cxd4 Bb4+ 8. Nc3 O-O 9. O-O Bxc3 10. bxc3 b6 11. Qb3 Qd7 12. Ne5 Qc7 13. Bf4 Nd5 14. Bd2 Ba6 15. c4 Nd7 16. Nxd7 Qxd7 17. Bf3 Nf6 18. Bxa8 Rxa8 19. Be3 Rc8 20. Rac1 Qc6 21.
d5 Qd7 22. dxe6 Qxe6 23. Qa4 Bb7 24. Qc2 Re8 25. Bf4 h5 26. Qd2 Ne4 27. Qd3 Qc6 28.
Rfe1 Re6 29. f3 Nc5 30. Qd8+ Kh7 31. Qg5 Rg6 32. Qxh5+ Kg8 33. Rcd1 Ne6 34. Rxe6 Rxe6 35. Qd5 Re2 36. Qd8+ Kh7 37. Qh4+ Kg6 38. Rd6+ Qxd6 39. Bxd6 Rxa2 40. Qg4+ Kh7 41. Qh5+ Kg8 42. Qg5 f6 43. Qg6 a5 44. Bf4 Re2 45. Bh6 Re7 46. Bd2 Bc6 47.
Kf2 a4 48. Bb4 Rd7 49. Qe8+ Kh7 50. Qh5+ Kg8 51. Qf5 Re7 52. Bxe7 1-0

[Event "*** Titled Tuesday 3|2 Blitz"]
[Site "Chess.com"]
[Date "2017.03.07"]
[Round "7"]
[White "KNVB"]
[Black "Lupul_Cenusiu"]
[Result "0-1"]
[WhiteElo "2467"]
[BlackElo "2422"]
[TimeControl "180+2"]
[EndTime "14:38:16 PST"]
[Termination "Lupul_Cenusiu won by checkmate"]

1. d4 Nf6 2. c4 c5 3. d5 g6 4. Nc3 Bg7 5. e4 O-O 6. Bd3 e6 7. Nf3 Re8 8. O-O d6 9. h3 a6 10. a4 Nbd7 11. Re1 Qc7 12. Bf4 Nh5 13. Bh2 e5 14. Ne2 h6 15. Qc2 Nf8 16. g4 Nf6 17.
Nd2 N8h7 18. Kg2 Ng5 19. h4 Nxg4 20. hxg5 hxg5 21. Bg1 Qd7 22. Ng3 Nh6 23. Bh2 f5 24. Nf3 Bf6 25. exf5 gxf5 26. Nh5 Qf7 27. Nxf6+ Qxf6 28. Rg1 Ng4 29. Bg3 e4 30. Be2 exf3+ 31. Bxf3 Ne5 32.
Rh1 Re7 33. Bxe5 Rxe5 34. Rae1 Bd7 35. Rxe5 Qxe5 36. Qd2 Qf6 37. a5 Re8 38. b4 g4 39.
Bd1 f4 40. bxc5 dxc5 41. Bc2 Re2 42. Qd3 f3+ 43. Kg1 Re1+ 44. Kh2 Qh4# 0-1

[Event "*** Titled Tuesday 3|2 Blitz"]
[Site "Chess.com"]
[Date "2017.03.07"]
[Round "7"]
[White "AllStarShark"]
[Black "StellarChessPro"]
[Result "1/2-1/2"]
[WhiteElo "2276"]
[BlackElo "2333"]
[TimeControl "180+2"]
[EndTime "14:38:19 PST"]
[Termination "Game drawn by repetition"]

1. d4 d5 2. Bf4 Nf6 3. e3 c5 4. c3 Nc6 5. Nd2 Bf5 6. Qb3 Qb6 7.
dxc5 Qxb3 8. axb3 e5 9. Bg3 Bxc5 10. b4 Bd6 11. b5 Ne7 12. Ngf3 Ng6 13. Nd4 exd4 14. Bxd6 dxe3 15. fxe3 Kd7 16. Bc5 b6 17. Bd4 Rhe8 18. h3 Kc7 19. g4 Be4 20. Nxe4 Nxe4 21.
Bg2 f6 22. Bxe4 dxe4 23. Kd2 Ne5 24. Bxe5+ Rxe5 25. c4 Rd8+ 26. Kc2 Kb7 27. Rhd1 Rxd1 28. Rxd1 Kc7 29. Ra1 Kb8 30. Rd1 h5 31. Rd7 hxg4 32. Rxg7 gxh3 33. Rh7 a6 34. bxa6 Rc5 35. Kc3 b5 36. b3 bxc4 37. bxc4 f5 38. Rxh3 Ka7 39. Rh6 Ra5 40. Kd4 Ra3 41. Rh3 Kxa6 42. Ke5 Ra5+ 43. Kf4 Rc5 44. Rh1 Kb6 45. Rd1 Kc6 46. Rd4 Kc7 47. Rd5 Rxc4 48. Kxf5 Kc6 49. Rd8 Kc7 50. Rd1 Kc6 51. Ke5 Kc7 52. Rd4 Rxd4 53. Kxd4 Kd6 54. Kxe4 Ke6 55. Kd4 Kd6 56. e4 Ke6 57. e5 Ke7 58.
Ke4 Ke6 59. Kd4 Ke7 60. Kd5 Kd7 61. e6+ Ke7 62. Ke5 Ke8 63. Kd6 Kd8 64. Kd5 Ke7 65.
Ke5 Ke8 66. Kf5 Ke7 67. Ke5 Ke8 68. Kf6 Kf8 69. Kf5 Ke7 70. Ke5 Ke8 71. Kd5 Ke7 72. Ke5 1/2-1/2

[Event "*** Titled Tuesday 3|2 Blitz"]
[Site "Chess.com"]
[Date "2017.03.07"]
[Round "7"]
[White "AnthonyWirig"]
[Black "kleinebeer98"]
[Result "0-1"]
[WhiteElo "2546"]
[BlackElo "2484"]
[TimeControl "180+2"]
[EndTime "14:38:21 PST"]
[Termination "kleinebeer98 won by resignation"]

1. e4 e5 2. Nf3 Nc6 3. d4 exd4 4. c3 d5 5. exd5 Qxd5 6. cxd4 Bg4 7. Be2 O-O-O 8. Nc3 Qh5 9. Be3 Nf6 10. Qa4 Nd5 11. O-O-O Nb6 12. Qb5 Qxb5 13. Bxb5 Nb4 14. Ne5 Be6 15. a3 N4d5 16. Bd2 c6 17. Be2 Nf6 18. Nf3 Be7 19. h3 Nbd5 20. Rhe1 Nxc3 21. Bxc3 Nd5 22. Bd2 Bf6 23. Bd3 Nc7 24. Bc3 Rd6 25. g4 h6 26.
Bf1 Rhd8 27. Kc2 g6 28. Rd2 Nd5 29. Red1 h5 30. Ne5 hxg4 31. Nxg4 Bg5 32. Re2 Bf5+ 33. Kb3 Nf4 34. Ree1 Be6+ 35. Kc2 Rh8 36. d5 Bf5+ 37.
Kb3 Rhd8 38. Ne5 Rxd5 39. Rxd5 Rxd5 40. Nxf7 Bh4 41. Re8+ Kd7 42. Rb8 Kc7 43. Rf8 Be6 44. Kc2 Rf5 45. Nd8 Rxf8 46. Be5+ Kxd8 47. Kc3 Nd5+ 48.
Kd4 Bf6 49. Bd3 Bxe5+ 50. Kxe5 Rxf2 0-1

[Event "*** Titled Tuesday 3|2 Blitz"]
[Site "Chess.com"]
[Date "2017.03.07"]
[Round "7"]
[White "alekroth64"]
[Black "CM_Perligero"]
[Result "0-1"]
[WhiteElo "2259"]
[BlackElo "2150"]
[TimeControl "180+2"]
[EndTime "14:38:23 PST"]
[Termination "CM_Perligero won on time"]

1. d4 Nf6 2. c4 c6 3. Nf3 d5 4. Nc3 e6 5. Bg5 Be7 6. e3 Qa5 7. cxd5 Nxd5 8. Bxe7 Nxc3 9. Qd2 Kxe7 10.
bxc3 Nd7 11. Bd3 h6 12. O-O g5 13. Qb2 b6 14. Nd2 Ba6 15. c4 Bb7 16. a4 g4 17.
c5 bxc5 18. Nc4 Qc7 19. dxc5 Ba6 20. Qd4 Nf6 21. Nd6 Bxd3 22. Qxd3 Rad8 23. Rab1 Rb8 24. Qd4 h5 25. Qe5 Nd5 26. Qg5+ Kf8 27. e4 Nb4 28. Qf6 Rh7 29. Qe5 a5 30. Qf6 Qe7 31. Qd4 Rd8 32.
Qe5 f6 33. Qc3 e5 34. Qc4 Rg7 35. Nf5 Qf7 36. Qc1 Rg5 37. Rd1 Rd7 0-1

[Event "*** Titled Tuesday 3|2 Blitz"]
[Site "Chess.com"]
[Date "2017.03.07"]
[Round "7"]
[White "ER404"]
[Black "tjallkompall"]
[Result "1-0"]
[WhiteElo "2239"]
[BlackElo "2468"]
[TimeControl "180+2"]
[EndTime "14:38:28 PST"]
[Termination "ER404 won on time"]

1. e4 c5 2. c3 Nf6 3. e5 Nd5 4.
Bc4 e6 5. Nf3 d6 6. d4 cxd4 7.
cxd4 Be7 8. O-O O-O 9. Qe2 b6 10. Nc3 Nxc3 11. bxc3 Qc7 12. Bf4 Nd7 13. d5 dxe5 14.
Nxe5 Bd6 15. Nxf7 Bxf4 16. dxe6 Re8 17. exd7 Bxd7 18. Nd6+ Kh8 19. Nxe8 Rxe8 20. Qd3 Bxh2+ 21. Kh1 Bf4 22. Rfe1 Rf8 23. Rad1 Bf5 24. Qd4 h6 25. Bd3 Bg4 26. f3 Bc8 27. Bg6 Bf5 28. Bxf5 Rxf5 29.
Qd8+ Qxd8 30. Rxd8+ Kh7 31. g4 Rc5 32. Re4 Be5 33.
c4 Bf6 34. Rd7 Ra5 35. Re2 Ra4 36. Rc7 Ra3 37. Kg2 Kg6 38. f4 Rd3 39. Rxa7 Rd4 40. Rf2 Rxc4 41. Rb7 Rc3 42. Rxb6 Kh7 43. g5 Bd4 44. g6+ 1-0

[Event "*** Titled Tuesday 3|2 Blitz"]
[Site "Chess.com"]
[Date "2017.03.07"]
[Round "7"]
[White "Chesstrainer1"]
[Black "poummba"]
[Result "1-0"]
[WhiteElo "2341"]
[BlackElo "2348"]
[TimeControl "180+2"]
[EndTime "14:38:28 PST"]
[Termination "Chesstrainer1 won by resignation"]

1. Nf3 g6 2. c4 Bg7 3. Nc3 d6 4. d4 e5 5. e4 exd4 6. Nxd4 Ne7 7. Be2 O-O 8. O-O Nbc6 9. Nc2 f5 10.
exf5 Nxf5 11. Ne3 Ncd4 12. Bd3 Bd7 13. Ncd5 c6 14. Nxf5 Bxf5 15. Bxf5 cxd5 16. Bd3 dxc4 17. Bxc4+ d5 18. Bd3 Ne6 19. Be3 Nf4 20. Bxf4 Rxf4 21.
g3 Rb4 22. h4 Rxb2 23. h5 Qf6 24. hxg6 hxg6 25. Bc2 d4 26. Rb1 Rxb1 27. Qxb1 Rd8 28. Bxg6 Rd6 29. Bd3 Rb6 30. Qe1 Qe5 31. Qc1 Rc6 32.
Qd1 Rc3 33. Qb1 Bh6 34. Re1 Qxe1+ 35. Qxe1 Rc1 36. Qxc1 Bxc1 37. Kg2 Kg7 38. f4 Ba3 39. Kf3 Kf6 40. g4 Be7 41. g5+ Ke6 42. Ke4 Bc5 43.
f5+ Kf7 44. f6 Kg6 45. Kf4+ Kf7 46. Kf5 Kf8 47. g6 1-0

[Event "*** Titled Tuesday 3|2 Blitz"]
[Site "Chess.com"]
[Date "2017.03.07"]
[Round "7"]
[White "daro94"]
[Black "rasmussvane"]
[Result "1-0"]
[WhiteElo "2687"]
[BlackElo "2514"]
[TimeControl "180+2"]
[EndTime "14:38:29 PST"]
[Termination "daro94 won by resignation"]

1. c4 Nf6 2. Nc3 c5 3. Nf3 Nc6 4. e3 e6 5. d4 d5 6. cxd5 Nxd5 7.
Bd3 Be7 8. O-O O-O 9. a3 b6 10. Qc2 Nxc3 11. bxc3 g6 12. Bb2 Bb7 13. e4 Rc8 14. Qe2 Bf6 15. Qe3 Na5 16. Rac1 Bg7 17. h4 Qd7 18. h5 Rfd8 19. Qf4 Nb3 20. Rcd1 cxd4 21. cxd4 Nxd4 22. Bxd4 Bxd4 23. Bb1 e5 24. Qh6 f6 25. hxg6 Qg7 26. gxh7+ Kh8 27. Qxg7+ Kxg7 28.
Nxd4 exd4 29. Rfe1 Rc3 30. e5 d3 31. exf6+ Kxf6 32. Rxd3 Rcxd3 33. Bxd3 Bd5 34. Bc2 Bf7 35. f3 Rh8 36. Kf2 Bg6 37. Bxg6 Kxg6 38. Re6+ Kxh7 39. Re7+ Kg6 40. Rxa7 Rc8 41. Kg3 Kf5 42. Rb7 Rc6 43. a4 Ke5 44. Ra7 Kd4 45. Kf2 Kc4 46. g4 Kd3 47. Kg3 Re6 48. g5 Ke3 49. Rf7 Re5 50. Kg4 Rd5 51. Re7+ 1-0

[Event "*** Titled Tuesday 3|2 Blitz"]
[Site "Chess.com"]
[Date "2017.03.07"]
[Round "7"]
[White "GeorgMeier"]
[Black "Ginger_GM"]
[Result "1-0"]
[WhiteElo "2721"]
[BlackElo "2499"]
[TimeControl "180+2"]
[EndTime "14:38:30 PST"]
[Termination "GeorgMeier won by checkmate"]

1. Nf3 f5 2. g3 Nf6 3. Bg2 d6 4.
d4 e6 5. O-O g6 6. c4 Bg7 7. Nc3 O-O 8. Bg5 h6 9. Bxf6 Qxf6 10.
e4 f4 11. e5 Qf7 12. Qe2 g5 13. g4 Nc6 14. Rad1 dxe5 15. dxe5 Bd7 16. Rfe1 Be8 17. h3 Qe7 18. Qe4 a6 19. Bf1 Nd8 20. Bd3 Bh8 21.
Kg2 Qg7 22. Qe2 Bc6 23. Be4 Qe7 24. Rd3 Bxe4 25. Qxe4 Nc6 26. Red1 Rad8 27. Ne2 Rxd3 28. Rxd3 Bg7 29. h4 Kf7 30. hxg5 hxg5 31. Neg1 Rh8 32. Nh3 Bh6 33. a3 a5 34. Rb3 Nd8 35. Rd3 Kg7 36.
b4 axb4 37. axb4 Re8 38. c5 b6 39. c6 Qf8 40. Nhxg5 Bxg5 41. Nxg5 Qg8 42. Rd7+ Kh6 43. Rh7+ Kxg5 44. Rh5+ Kxg4 45. Qf3# 1-0

[Event "*** Titled Tuesday 3|2 Blitz"]
[Site "Chess.com"]
[Date "2017.03.07"]
[Round "7"]
[White "Dr-Bassem"]
[Black "PelinGorki"]
[Result "1-0"]
[WhiteElo "2641"]
[BlackElo "2431"]
[TimeControl "180+2"]
[EndTime "14:38:32 PST"]
[Termination "Dr-Bassem won by checkmate"]

1. e4 d6 2. Nf3 Nf6 3. d3 c6 4. g3 Bg4 5. h3 Bxf3 6. Qxf3 e6 7.
Bg2 Be7 8. O-O d5 9. e5 Nfd7 10. Qe2 Qc7 11. f4 g6 12. Be3 h5 13. Nd2 a5 14. c4 Na6 15. cxd5 cxd5 16. Rac1 Qd8 17.
Nb3 a4 18. Nd4 Qa5 19. Kh1 O-O 20. f5 exf5 21. e6 fxe6 22. Bd2 Qb6 23. Nxe6 Rf7 24. Bxd5 Qd6 25. Bxb7 Rb8 26. Bf4 Qb6 27. Bd5 Nf6 28. Bc4 Rc8 29. Ng5 Rxc4 30. Rxc4 Rg7 31. Rc8+ Bf8 32. Rfc1 Qb7+ 33. Kh2 Re7 34. Ne6 Nh7 35. Bd6 Kf7 36. Bxe7 Bxe7 37. Nf4 Qb6 38. R8c6 Qb5 39. Qe6+ Ke8 40. Rc8# 1-0

[Event "*** Titled Tuesday 3|2 Blitz"]
[Site "Chess.com"]
[Date "2017.03.07"]
[Round "7"]
[White "Vrolijk"]
[Black "Alex_Molchanov"]
[Result "1-0"]
[WhiteElo "2319"]
[BlackElo "2455"]
[TimeControl "180+2"]
[EndTime "14:38:38 PST"]
[Termination "Vrolijk won by checkmate"]

1. d4 Nf6 2. c4 e6 3. Nf3 b6 4. g3 Ba6 5. b3 Bb4+ 6. Bd2 Be7 7.
Bg2 O-O 8. O-O c6 9. Bc3 d5 10. Nbd2 Nbd7 11. Re1 c5 12. Ne5 Rc8 13. cxd5 Nxd5 14. Bb2 Nxe5 15. dxe5 Nb4 16. Ne4 Qxd1 17. Rexd1 Rfd8 18. Bf3 Nc2 19. Rac1 Nd4 20. Bxd4 Rxd4 21. Rxd4 cxd4 22. Rxc8+ Bxc8 23. Nd6 Bxd6 24. exd6 Bd7 25. Kf1 Kf8 26. Ke1 Ke8 27. Kd2 Bb5 28. a4 Ba6 29. Bc6+ Kd8 30. e3 dxe3+ 31. Kxe3 Bc8 32. b4 e5 33. Ke4 f6 34. Kd5 Bg4 35. b5 Bd1 36. h4 Bxa4 37. Ke6 Bb3+ 38. Kf5 Bf7 39. g4 Bc4 40. g5 fxg5 41. hxg5 a5 42. bxa6 Bxa6 43.
Kxe5 Bc8 44. Be4 h6 45. gxh6 gxh6 46. f4 h5 47. f5 h4 48. f6 Ke8 49. Bg6+ Kf8 50.
Bf5 Bxf5 51. Kxf5 Ke8 52. Ke6 h3 53. f7+ Kd8 54. f8=Q# 1-0

[Event "*** Titled Tuesday 3|2 Blitz"]
[Site "Chess.com"]
[Date "2017.03.07"]
[Round "7"]
[White "olomi007"]
[Black "platy3"]
[Result "0-1"]
[WhiteElo "2488"]
[BlackElo "2589"]
[TimeControl "180+2"]
[EndTime "14:38:43 PST"]
[Termination "platy3 won by resignation"]

1. e4 c5 2. Nf3 Nc6 3. d4 cxd4 4.
Nxd4 Qb6 5. Nb3 Nf6 6. Nc3 e6 7. Qe2 Bb4 8. Bd2 O-O 9. a3 Be7 10. O-O-O d5 11. exd5 Nxd5 12. g3 Bf6 13. Ne4 e5 14.
Nxf6+ Nxf6 15. Bg5 Bg4 16. f3 Be6 17. Bxf6 gxf6 18.
Qe4 f5 19. Qh4 Qe3+ 20. Kb1 Rfd8 21. Bd3 Bxb3 22. Rhe1 Rxd3 23. cxd3 Qxf3 24. Qg5+ Kf8 25. Rf1 Qg4 26. Qh6+ Ke7 27. Rde1 Be6 28. Qxh7 Rd8 29. Re3 Qd4 30. Rfe1 Qd5 31. Qh4+ f6 32. Qh7+ Bf7 33.
Qxf5 Nd4 34. Rxe5+ fxe5 35. Rxe5+ Qxe5 36. Qxe5+ Ne6 37. Qe4 b6 38. h4 Rd4 39. Qb7+ Rd7 40. Qe4 Rd4 41. Qb7+ Kf6 42. Qf3+ Kg7 43. g4 Bg6 44. h5 Rxd3 45. h6+ Kh7 46. Qb7+ Rd7+ 0-1

[Event "*** Titled Tuesday 3|2 Blitz"]
[Site "Chess.com"]
[Date "2017.03.07"]
[Round "7"]
[White "popov_m"]
[Black "GGuseinov"]
[Result "0-1"]
[WhiteElo "2419"]
[BlackElo "2665"]
[TimeControl "180+2"]
[EndTime "14:38:48 PST"]
[Termination "GGuseinov won by resignation"]

1. d4 Nf6 2. Bf4 g6 3. Nf3 Bg7 4. e3 O-O 5. Be2 d6 6. O-O Nbd7 7. h3 b6 8. c3 Bb7 9. Nbd2 Qe8 10. a4 a6 11. Bh2 e5 12. Qc2 e4 13. Ne1 Qe7 14.
c4 c5 15. Nb3 a5 16. Rd1 Rfd8 17. Qb1 cxd4 18. Nxd4 Ne5 19. Nb5 d5 20. cxd5 Nxd5 21. Qxe4 Nc3 22. Rxd8+ Rxd8 23. Qc2 Nxe2+ 24. Qxe2 Qb4 25.
Nc3 h5 26. f4 Nc4 27. f5 Rd2 28. fxg6 Rxe2 29. gxf7+ Kh7 30. Nxe2 Qd2 31. Nf4 Qxe3+ 32. Kh1 Nd2 33. Nc2 Qe4 34. Rc1 Qf5 35. Ne3 Qxf7 36. Rc2 Ne4 37. h4 Bh6 38. Nh3 Qb3 39. Rc7+ Kg6 40. Bf4 Nf2+ 41. Kh2 Nxh3 42. Bxh6 Kxh6 43. Nf5+ Kg6 44. Ne7+ Kf6 45. Rxb7 Nf4 46. g3 Qxb2+ 0-1

[Event "*** Titled Tuesday 3|2 Blitz"]
[Site "Chess.com"]
[Date "2017.03.07"]
[Round "7"]
[White "Dlugy"]
[Black "MattyDPerrine"]
[Result "1-0"]
[WhiteElo "2654"]
[BlackElo "2216"]
[TimeControl "180+2"]
[EndTime "14:38:49 PST"]
[Termination "Dlugy won by resignation"]

1. d4 Nf6 2. Bf4 g6 3. Nc3 Bg7 4. e4 d6 5. Qd2 c6 6. O-O-O b5 7. f3 Nbd7 8. e5 b4 9. exf6 bxc3 10.
Qxc3 Nxf6 11. Qxc6+ Bd7 12. Qa6 O-O 13. Bc4 Rc8 14.
Bb3 Qc7 15. Ne2 Nd5 16. Bd2 Bf5 17. Nc3 Nb4 18. Qa4 a5 19. Nb5 Qxc2+ 20. Bxc2 Bxc2 21.
Qxc2 Rxc2+ 22. Kb1 Rc6 23. Rc1 Rb6 24. a4 Rb7 25.
Bxb4 axb4 26. b3 d5 27. Rc6 e6 28. Rhc1 h5 29. Rc7 Rfb8 30. Rxb7 Rxb7 31. Rc7 Rxc7 32. Nxc7 Bxd4 33. Nb5 Bb6 34. Nd6 Kf8 35. Kc2 Bc7 36.
Nb5 Bb6 37. Nd6 Bc7 38. Nb5 Ba5 39. Nd4 Ke8 40. Nc6 Bb6 41. Nxb4 Kd7 42. Nd3 Kd6 43.
b4 e5 44. a5 Bd4 45. b5 e4 46. fxe4 dxe4 47. Nb4 e3 48. Kd3 e2 49. Kxe2 Bc3 50. Nc6 Kc5 51. a6 Kb6 52. Kd3 Bf6 53. Kc4 Bg5 54. Nb4 Bd8 55. Nd5+ Ka7 56. Kc5 1-0

[Event "*** Titled Tuesday 3|2 Blitz"]
[Site "Chess.com"]
[Date "2017.03.07"]
[Round "7"]
[White "Anton_Demchenko"]
[Black "gkchesstiger"]
[Result "1-0"]
[WhiteElo "2626"]
[BlackElo "2647"]
[TimeControl "180+2"]
[EndTime "14:38:53 PST"]
[Termination "Anton_Demchenko won by resignation"]

1. e4 g6 2. d4 Bg7 3. Nc3 d6 4. Be3 a6 5. Qd2 b5 6. h4 h6 7. h5 g5 8. f4 gxf4 9. Bxf4 Bb7 10. Nf3 b4 11. Nd5 e6 12. Nxb4 Bxe4 13. O-O-O a5 14. Nd3 Ne7 15. Nf2 Bd5 16. Ng4 Nbc6 17. Bb5 Rb8 18. a4 Nf5 19. c3 Kf8 20. Rhf1 Nce7 21. Rde1 Rxb5 22. axb5 Bc4 23. Rg1 Qb8 24. Nf2 Nd5 25. g4 Nfe7 26. g5 Nxf4 27. Qxf4 Nd5 28. Qd2 Qxb5 29. g6 a4 30. gxf7 a3 31. bxa3 Qb3 32.
Nd1 Bf6 33. Qb2 Nf4 34. Qxb3 Bxb3 35. Nb2 Kxf7 36. Nd2 Bd5 37. Ne4 Bh4 38. Ref1 e5 39. dxe5 dxe5 40. Rg4 Be7 41. Nd3 Bxa3+ 42. Kd2 Bxe4 43.
Nxf4 Bf5 44. Nd5 Ke6 45. Nxc7+ Kd6 46. Rxf5 Kxc7 47. Rxe5 Bd6 48. Rf5 Kc6 49. Rg6 Kc7 50.
Rf7+ 1-0

[Event "*** Titled Tuesday 3|2 Blitz"]
[Site "Chess.com"]
[Date "2017.03.07"]
[Round "7"]
[White "saraswathii"]
[Black "Vegan4future"]
[Result "1-0"]
[WhiteElo "2161"]
[BlackElo "2240"]
[TimeControl "180+2"]
[EndTime "14:38:58 PST"]
[Termination "saraswathii won by checkmate"]

1. d4 Nf6 2. Bf4 g6 3. e3 Bg7 4. Nf3 d6 5. Be2 O-O 6. h3 c5 7. c3 b6 8. O-O Bb7 9. Nbd2 Nbd7 10. Re1 Rc8 11. a4 a6 12. Bd3 cxd4 13. exd4 Nd5 14. Bg3 Bh6 15. Qe2 Bf4 16. Bxa6 Bxa6 17. Qxa6 Bxg3 18.
fxg3 N7f6 19. Ne4 Nxe4 20. Rxe4 e6 21. h4 Qc7 22. Qe2 Ra8 23. Ng5 h6 24. Nh3 Ra5 25. h5 g5 26. Nf2 Nf6 27. Re3 b5 28. b3 bxa4 29. Rxa4 Rxa4 30. bxa4 Ra8 31. Qf3 Nd5 32.
Ng4 Kg7 33. Rd3 Rxa4 34. Ne3 Ra1+ 35. Kh2 Nf6 36. c4 Qa5 37. Rd1 Ra2 38. Rf1 Qd8 39. c5 dxc5 40. dxc5 Ra6 41. Kh1 Qe7 42. c6 Ra7 43. Nc4 Rc7 44. Ne5 Nd5 45. Qe4 f5 46. Qc4 Qd6 47. Qd4 Kg8 48. Rc1 f4 49. Ng6 e5 50.
Nxe5 fxg3 51. Ng6 Rg7 52. c7 Rxc7 53. Rxc7 Qxc7 54. Qxd5+ Qf7 55. Qd8+ Kg7 56. Qh8# 1-0

[Event "*** Titled Tuesday 3|2 Blitz"]
[Site "Chess.com"]
[Date "2017.03.07"]
[Round "7"]
[White "VMikhalevski"]
[Black "Abrito99"]
[Result "1-0"]
[WhiteElo "2551"]
[BlackElo "2399"]
[TimeControl "180+2"]
[EndTime "14:39:00 PST"]
[Termination "VMikhalevski won by resignation"]

1. Nf3 Nf6 2. g3 g6 3. Bg2 Bg7 4. d4 O-O 5. O-O d6 6. b3 Nbd7 7. Bb2 c5 8. c4 Rb8 9. Nc3 a6 10. a4 b6 11. h3 Bb7 12. d5 Bc8 13. Qc2 Ne8 14. e4 Nc7 15. Nd1 b5 16. axb5 axb5 17. Bxg7 Kxg7 18. Nb2 Ba6 19. Rfe1 f6 20. Nd2 bxc4 21.
bxc4 Rb6 22. f4 Qb8 23. Nd3 e5 24. h4 Bc8 25. Rf1 Na6 26. Qc3 Nb4 27. Nf2 Rf7 28. Bh3 Nf8 29. Bg2 Rfb7 30. Nd1 Bg4 31. Ne3 Bc8 32. f5 Ra7 33. Ng4 gxf5 34. Ne3 Na2 35. Qd3 Rb2 36. Nxf5+ Kh8 37. Rab1 Rab7 38. Rxb2 Rxb2 39.
Ne7 Kg7 40. Qf3 Nd7 41. Qg4+ Kf7 42. Nf5 Ke8 43. Qg7 Kd8 44. Qe7+ Kc7 45. Qxd6+ Kb7 46. Qc6+ Ka7 47. Nd6 Rb6 48. Nxc8+ 1-0

[Event "*** Titled Tuesday 3|2 Blitz"]
[Site "Chess.com"]
[Date "2017.03.07"]
[Round "7"]
[White "Keranke"]
[Black "Incognito_Knight"]
[Result "0-1"]
[WhiteElo "2693"]
[BlackElo "2415"]
[TimeControl "180+2"]
[EndTime "14:39:08 PST"]
[Termination "Incognito_Knight won by resignation"]

1. d4 d5 2. Bf4 Nf6 3. e3 c5 4.
Nc3 cxd4 5. exd4 e6 6. Nb5 Na6 7. Nf3 Bd7 8. c3 Qb6 9. a4 Nh5 10. Be5 f6 11. Nd2 g6 12. Bg3 Kf7 13. Bd3 Nxg3 14.
hxg3 Nc7 15. Nxc7 Qxc7 16. Qc2 f5 17. Nf3 Bg7 18. Kf1 Bf6 19. Re1 Qa5 20. Ne5+ Bxe5 21. Rxe5 Qxa4 22. Qd2 Bb5 23. Re1 h5 24. f3 Bxd3+ 25.
Qxd3 Qc4 26. Qxc4 dxc4 27. Re5 Rhd8 28. g4 fxg4 29. fxg4 hxg4 30. Rh7+ Kf6 31. Rxb7 Rdb8 32. Reb5 Rxb7 33. Rxb7 a5 34. Rb6 Rd8 35. Rb5 Rd5 36. Rb8 Rf5+ 37. Ke2 g3 38. Ke3 Kg5 39. Re8 Rf2 40.
Rxe6 Rxg2 41. Kf3 Rxb2 42. Kxg3 Rc2 43. Re5+ Kf6 44. Rxa5 Rxc3+ 45. Kf4 Rc1 46. Ra6+ Kf7 47.
Ke5 Re1+ 48. Kd5 c3 49. Rc6 Re3 50. Rc7+ Kf6 51. Kd6 Re6+ 52. Kd5 Re3 53. Kd6 g5 54. d5 g4 55. Rc8 g3 56. Kd7 g2 0-1